 Dungeon Crawl Stone Soup version 0.24-a0-361-g57161393b2 (webtiles) character file.

Game seed: 14038971025890879998

31 Amnesiac the Sneak (level 3, -3/14 HPs)
             Began as a Felid Earth Elementalist on May 26, 2019.
             Slain by Grinder (5 damage)
             ... on level 3 of the Dungeon.
             The game lasted 00:03:18 (724 turns).

Amnesiac the Sneak (Felid Earth Elementalist)        Turns: 724, Time: 00:03:18

Health: -3/14      AC:  1    Str:  4    XL:     3   Next: 7%
Magic:  0/8        EV: 18    Int: 17    God:
Gold:   70         SH:  0    Dex: 16    Spells: 6/7 levels left
                                        Lives:  0   Deaths: 0

rFire    . . .     SeeInvis +   (weapon unavailable)
rCold    . . .     Gourm    .   (shield unavailable)
rNeg     . . .     Faith    .   (armour unavailable)
rPois    .         Spirit   .   (helmet unavailable)
rElec    .         Reflect  .   (cloak unavailable)
rCorr    .         Harm     .   (gloves unavailable)
MR       .....                  (boots unavailable)
Stlth    +++.......             (no amulet)
HPRegen  0.04/turn              (no ring)
MPRegen  0.11/turn              (no ring)

@: about to teleport, quick
A: very small, no armour, no weapons or thrown items, stealth, claws 1, fangs 3,
see invisible, carnivore, speed 1, shaggy fur 1, slow metabolism 1, sharp paws
a: no special abilities


You were on level 3 of the Dungeon.
You were not hungry.

You visited 1 branch of the dungeon, and saw 3 of its levels.

You collected 70 gold pieces.

Inventory:

Missiles
 b - 21 stones
Scrolls
 f - a scroll of identify {!r, unknown}
Comestibles
 c - a ration


   Skills:
 - Level 2.6 Dodging
 - Level 3.3 Stealth
 + Level 0.7 Unarmed Combat
 + Level 2.7 Spellcasting
   Level 1.1 Transmutations
 + Level 2.8 Earth Magic


You had 6 spell levels left.
You knew the following spells:

 Your Spells              Type           Power        Failure   Level  Hunger
a - Sandblast             Erth           ##....       5%          1    #......

Your spell library contained the following spells:

 Spells                   Type           Power        Failure   Level  Hunger
 Passwall                 Tmut/Erth      #.......     12%         2    ##.....
 Stone Arrow              Conj/Erth      #.....       30%         3    ###....
 Petrify                  Tmut/Erth      #.......     61%         4    #####..
 Lee's Rapid Deconstruct  Erth           ##........   83%         5    ######.


Dungeon Overview and Level Annotations

Branches:
Dungeon (3/15)

Altars:

Annotations:
D:2 Sigmund
D:3 Grinder


Innate Abilities, Weirdness & Mutations

You cannot wear armour.
You are incapable of wielding weapons or throwing items.
Your paws allow you to move quietly. (Stealth)
You have sharp claws.
You have razor-sharp teeth.
You have supernaturally acute eyesight. (SInv)
You are carnivorous and can eat meat at any time.
You cover ground quickly.
You are covered in fur. (AC +1)
You have a slow metabolism.
Your sharp claws are effective at attacking unaware monsters.


Message History

Aiming: Sandblast (safe; 5% risk of failure)
Press: ? - help, Shift-Dir - straight line, f - Grinder
Aim: Grinder The blast of sand hits Grinder.
Grinder is lightly wounded.
b - 25 stones
Casting: Sandblast (safe; 5% risk of failure)
Confirm with . or Enter, or press ? or * to list all spells.
Aiming: Sandblast (safe; 5% risk of failure)
Press: ? - help, Shift-Dir - straight line, f/p - Grinder
Aim: Grinder (lightly wounded)
The blast of sand misses Grinder.
The blast of sand hits the hobgoblin!
You kill the hobgoblin!
b - 24 stones Grinder blinks!
Casting: Sandblast (safe; 5% risk of failure)
Confirm with . or Enter, or press ? or * to list all spells.
Aiming: Sandblast (safe; 5% risk of failure)
Press: ? - help, Shift-Dir - straight line, f/p - Grinder
Aim: Grinder (lightly wounded)
The blast of sand hits Grinder.
Grinder is lightly wounded.
b - 23 stones
Casting: Sandblast (safe; 5% risk of failure)
Confirm with . or Enter, or press ? or * to list all spells.
Aiming: Sandblast (safe; 5% risk of failure)
Press: ? - help, Shift-Dir - straight line, f/p - Grinder
Aim: Grinder (lightly wounded)
The blast of sand hits Grinder but does no damage.
Grinder is lightly wounded.
b - 22 stones Grinder barely misses you.
Casting: Sandblast (safe; 5% risk of failure)
Confirm with . or Enter, or press ? or * to list all spells.
Aiming: Sandblast (safe; 5% risk of failure)
Press: ? - help, Shift-Dir - straight line, f/p - Grinder
Aim: Grinder (lightly wounded)
The blast of sand hits Grinder!
Grinder is moderately wounded.
b - 21 stones Grinder rolls her eyes.
Grinder misses you.
Casting: Sandblast (safe; 5% risk of failure)
Confirm with . or Enter, or press ? or * to list all spells.
You don't have enough magic to cast that spell.
You aren't carrying any items that you can evoke.
Unknown command.
You aren't carrying any potions.
Unknown command.
Okay, then.
Unknown command.
Really read
e - a scroll labeled XEEKLA IMUSA {!r}? [Y]es or [N]o only, please.
Really read
e - a scroll labeled XEEKLA IMUSA {!r}?
Okay, then.
Really read
e - a scroll labeled XEEKLA IMUSA {!r}? [Y]es or [N]o only, please.
Really read
e - a scroll labeled XEEKLA IMUSA {!r}?
As you read the scroll labeled XEEKLA IMUSA {!r}, it crumbles to dust.
You feel strangely unstable.
It was a scroll of teleportation {!r}.
Grinder hits you.
* * * LOW HITPOINT WARNING * * *
You writhe in agony.
You die...

#.# #.# #.#.#
#.#.#### #.#....#
#.#....# #.#....#
#.#....##########
#.#....+..5@..$.#
#......########.#
##.####...# #.#
#.....'...# #)#
#######...######
#5#######
#...)....###)#......
###.####.....'......
#.# #.###g#......
#.# #.....#......


You could see Grinder.

Vanquished Creatures
  2 adders
  3 orcs (D:3)
  A bat (D:3)
  2 goblins
  A hobgoblin (D:3)
  A rat (D:2)
10 creatures vanquished.

Notes
Turn   | Place    | Note
-------+----------+-------------------------------------------
     0 | D:1      | Amnesiac the Felid Earth Elementalist began the quest for
                  | the Orb.
     0 | D:1      | Reached XP level 1. HP: 7/7 MP: 4/4
    43 | D:2      | Reached skill level 3 in Stealth
    43 | D:2      | Reached XP level 2. HP: 11/11 MP: 3/6
    91 | D:2      | Noticed Sigmund
   122 | D:3      | Noticed Grinder
   717 | D:3      | Reached XP level 3. HP: 7/14 MP: 5/8
   724 | D:3      | Slain by Grinder

Levels and vault maps discovered:
D:1:      nzn_arrival_water_spiral, layout_loops_corners
D:2:      layout_rooms, serial_bayou, serial_bayou_pond_e, serial_bayou_ford_a,
          serial_bayou_shore_a, serial_bayou_pond_c, uniq_sigmund
D:3:      layout_basic, moated_statue, interstate_on_off,
          minmay_shallow_snake_nest, uniq_grinder

Skill      XL: |  1 |
---------------+----+-----
Stealth        | 3 |  3.3
Dodging        | |  2.6
Unarmed Combat | |  0.7
Spellcasting   | |  2.7
Transmutations | |  1.1
Earth Magic    | |  2.8

Action                   || total
-------------------------++-------
Melee: Unarmed           ||    43
       Bite              ||     5
 Cast: Sandblast         ||    24
  Use: Scroll            ||     2
       Potion            ||     1
 Stab: Fleeing           ||     1
       Sleeping          ||     1
  Eat: Chunk             ||     1
Armor: Skin              ||     7
Dodge: Dodged            ||    55

Table legend:
 A = Non-vault XP
 B = Vault XP
 C = Vault XP percentage of total XP
 D = Non-vault monster count
 E = Vault monster count
 F = Vault count percentage of total count
                 A         B        C        D         E       F
            +---------+---------+-------+---------+---------+-------
      Total |      45 |       0 |   0.0 |      10 |       0 |   0.0
            +---------+---------+-------+---------+---------+-------
        D:2 |      16 |       0 |   0.0 |       3 |       0 |   0.0
        D:3 |      29 |       0 |   0.0 |       7 |       0 |   0.0
            +---------+---------+-------+---------+---------+-------
